 Dungeon Crawl Stone Soup version 0.29-a0-234-g0dae59b3db (webtiles) character file.

Game seed: 4146353444969408636

63 spaghetti the Ducker (level 4, -2/31 HPs)
             Began as an Octopode Chaos Knight on Mar 4, 2022.
             Was a Plaything of Xom.
             Slain by a gnoll
             ... wielding a +0 halberd
              (15 damage)
             ... on level 3 of the Dungeon.
             The game lasted 00:02:09 (1942 turns).

spaghetti the Ducker (Octopode Chaos Knight)        Turns: 1942, Time: 00:02:10

Health: -2/31      AC:  1    Str:  8 (11) XL:     4   Next: 9%
Magic:  4/4        EV: 14    Int: 12 (14) God:    Xom [.....*]
Gold:   142        SH:  0    Dex: 10 (13) Spells: 3/3 levels left

rFire   . . .      SeeInvis .   a - +0 hand axe (chaos) {axe}
rCold   . . .      Faith    .   (no shield)
rNeg    . . .      Spirit   .   (helmet restricted)
rPois   .          Reflect  .   (no amulet)
rElec   .          Harm     .   (no ring)
rCorr   .          Rampage  .   (no ring)
Will    .....                   (no ring)
Stlth   ++........              (no ring)
HPRegen 0.10/turn               (no ring)
MPRegen 0.09/turn               (no ring)
                                (no ring)
                                (no ring)

@: no status effects
A: almost no armour, amphibious, 8 rings, camouflage 1, gelatinous body 1,
(nimble swimmer 1), tentacles
a: Renounce Religion


You were on level 3 of the Dungeon.
You worshipped Xom.
You were Xom's teddy bear.
You visited 1 branch of the dungeon, and saw 3 of its levels.

You collected 142 gold pieces.


Innate Abilities, Weirdness & Mutations

You cannot wear most types of armour.
You are amphibious.
You can wear up to eight rings at the same time.
Your skin changes colour to match your surroundings (Stealth+).
Your rubbery body absorbs attacks. (AC +1, EV +1)
((You are camouflaged when in or above water. (Stealth+)))
You have tentacles for arms and can constrict up to eight enemies at once.


   Skills:
 - Level 3.0 Fighting
 - Level 3.0 Axes
 + Level 4.4 Dodging


You had 3 spell levels left.
You didn't know any spells.
Your spell library contained the following spells:

 Spells                   Type           Power      Damage    Failure   Level
 Animate Skeleton         Necr           0%         N/A       32%         1
 Pain                     Necr           0%         1d4       32%         1
 Tukima's Dance           Hex            0%         N/A       69%         3
 Vampiric Draining        Necr           0%         2d6       69%         3
 Anguish                  Hex/Necr       0%         N/A       97%         4
 Summon Lightning Spire   Summ/Air       0%         N/A       97%         4
 Enfeeble                 Hex            0%         N/A       100%        7
 Storm Form               Tmut/Air       0%         N/A       100%        7
 Maxwell's Capacitive Co  Air            0%         ∞         100%        8

Inventory:

Hand Weapons
 a - a +0 hand axe of chaos (weapon) {axe}
 b - a +0 hunting sling {sling}
   (Xom gifted it to you on level 1 of the Dungeon)
Missiles
 c - a throwing net {=f!fthrowing}
 g - 92 stones (quivered) {throwing}
 h - 2 poisoned darts {throwing}
Scrolls
 f - a scroll of identify {@r1}
Potions
 d - a potion of curing {@q1}

Dungeon Overview and Level Annotations

Branches:
Dungeon (3/15)

Altars:
Ashenzari

#.## ##.#..### #.# #.##..#
..# #.....<## #.#
#.#...##### #.# ##.......#
#.# #.....[...#
##.###.#..#...# #.#
###..>###.#
##.......#...####.# ##.##
##.#.###.##....[...# #.#
#....###.##..############.#
.......................##.#
.##.............@.ggg.....#
.####.##.###.#######.#.####
.# #.##.# #.# #.#.########
.. ..##.# #.# #.#.g.gg..w.
.. ......# #.# #.##########
.######### #.# #.# ## .#
#.# #.# #.#


You could see 3 gnolls.


Message History

j - a dark potion A kobold comes into view.
It is wielding a +0 whip.
You aren't carrying any pieces of jewellery.
It was a potion of flight.
You feel very buoyant.
You fly up into the air.
It was a potion of heal wounds.
You feel much better.
It was a potion of degeneration.
There was something very wrong with that liquid.
You feel weakened.
You feel dopey.
You feel clumsy.
Unknown command.
The kobold shouts!
You hit the kobold.
You kill the kobold!
No target in view!
No target in view!
No target in view!
No target in view!
No target in view!
No target in view!
No target in view!
No target in view!
No target in view!
No target in view!
No target in view!
No target in view!
g - 80 stones {throwing} (gained 5)
You see here a +0 whip {mace}.
g - 92 stones {throwing} (gained 12) Key pressed, stopping explore.
You pick up a book of the Sky and begin reading...
You add the spells Summon Lightning Spire, Storm Form and Maxwell's Capacitive Coupling to your library.
You are starting to lose your buoyancy.
You float gracefully downwards.
A rat comes into view.
Unknown command.
Okay, then.
A rat is nearby!
A rat is nearby!
A rat is nearby!
Found an escape hatch in the ceiling.
You hit the rat.
You kill the rat!
No target in view!
No target in view!
No target in view!
No target in view!
No target in view!
No target in view!
No target in view!
No target in view!
Found a stone staircase leading up.
There is an escape hatch in the ceiling here.
Found a stone staircase leading down.
A bat comes into view.
A bat is nearby!
There is a stone staircase leading up here.
The bat closely misses you. The bat misses you. The bat hits you. 😕 HP[-1]
You take 1 damage, and now have 30/31 hp.
You hit the bat. You freeze the bat. You grab the bat. You constrict the bat.
You kill the bat!
No target in view!
No target in view!
No target in view!
No target in view!
No target in view!
No target in view!
No target in view! 2 gnolls come into view.
The gnoll shouts! x2 😎 HP[+1]
Your hp is fully restored (31).
There are monsters nearby!
There are monsters nearby!
A gnoll comes into view. It is wielding a +0 whip.
The gnoll completely misses you.
The gnoll shouts!
You hit the gnoll. You grab the gnoll. You constrict the gnoll.
The gnoll hits you with a +0 halberd.
The gnoll hits you from afar with a +0 spear. 😮 HP[-9]
You take 9 damage, and now have 22/31 hp.
MASSIVE DAMAGE!! (PAUSE)
You hit the gnoll.
You feel better.
You constrict the gnoll. The gnoll hits you with a +0 halberd!
The gnoll hits you from afar with a +0 spear.
* * * LOW HITPOINT WARNING * * *
A dart slug comes into view. 😨 HP[-10]
You take 10 damage, and now have 12/31 hp.
MASSIVE DAMAGE!! (PAUSE)
You release your grip on the gnoll.
The gnoll completely misses you. The gnoll closely misses you.
There is an escape hatch in the floor here.
The gnoll hits you from afar with a +0 halberd!
You die...
Xom bursts into laughter!

Skill      XL: |  1  2  3 |
---------------+----------+-----
Dodging        | 3 4 |  4.4
Fighting       | |  3.0
Axes           | |  3.0

Action                   |  1- 3 |  4- 6 || total
-------------------------+-------+-------++-------
Melee: Hand axe          |    72 |    10 ||    82
       Constrict         |    20 |     3 ||    23
       Tentacles         |    15 |     1 ||    16
  Use: Scroll            |     2 |     3 ||     5
       Potion            |       |     3 ||     3
 Stab: Sleeping          |     6 |       ||     6
       Confused          |     1 |       ||     1
Armor: Skin              |     7 |     1 ||     8
Dodge: Dodged            |    67 |     7 ||    74

Levels and vault maps discovered:
D:1:      scummos_arrival_simple_crosswalls, layout_basic, minmay_hedge_maze
D:2:      layout_rooms, basic_altar, minmay_tall_x
D:3:      layout_loops_ring, mainiacjoe_overflow_paths,
          mainiacjoe_overflow_alcove_2, serial_shops, nicolae_shop_crystal

Notes
Turn   | Place    | Note
-------+----------+-------------------------------------------
     0 | D:1      | spaghetti the Octopode Chaos Knight began the quest for the
                  | Orb.
     0 | D:1      | Reached XP level 1. HP: 16/16 MP: 1/1
     0 | D:1      | magus.rc [v1.9.6]
   284 | D:1      | Reached skill level 3 in Dodging
   284 | D:1      | Reached XP level 2. HP: 21/21 MP: 2/2
   719 | D:1      | XOM: god gift: hunting sling {god gift}
   939 | D:2      | Reached XP level 3. HP: 22/26 MP: 3/3
   968 | D:2      | XOM: summons 1 hostile demon
  1117 | D:2      | XOM: summons 3 friendly demons
  1120 | D:2      | Reached skill level 4 in Dodging
  1395 | D:2      | XOM: smoke on damage
  1400 | D:2      | Reached XP level 4. HP: 21/31 MP: 4/4
  1573 | D:2      | You pick up a book of Necromancy and begin reading...
  1573 | D:2      | You add the spells Pain, Animate Skeleton and Vampiric
                  | Draining to your library.
  1602 | D:2      | You pick up a book of Maledictions and begin reading...
  1602 | D:2      | You add the spells Tukima's Dance, Anguish and Enfeeble to
                  | your library.
  1710 | D:2      | XOM: scenery: summon butterflies
  1762 | D:2      | Found a broken altar of Ashenzari.
  1876 | D:3      | You pick up a book of the Sky and begin reading...
  1876 | D:3      | You add the spells Summon Lightning Spire, Storm Form and
                  | Maxwell's Capacitive Coupling to your library.
  1942 | D:3      | Slain by a gnoll

Vanquished Creatures
  An adder (D:2)
  4 dart slugs
  An endoplasm (D:1)
  2 giant cockroaches (D:1)
  3 goblins
  2 hobgoblins
  2 jackals (D:2)
  A quokka (D:1)
  9 ball pythons
  3 bats
  3 frilled lizards (D:2)
  6 kobolds
  5 rats
42 creatures vanquished.

Vanquished Creatures (collateral kills)
  A dart slug (D:2)
  A jackal (D:2)
  A kobold (D:2)
  A rat (D:2)
4 creatures vanquished.

Vanquished Creatures (others)
  A jackal (D:2)
1 creature vanquished.

Grand Total: 47 creatures vanquished

Table legend:
 A = Non-vault XP
 B = Vault XP
 C = Vault XP percentage of total XP
 D = Non-vault monster count
 E = Vault monster count
 F = Vault count percentage of total count
                 A         B        C        D         E       F
            +---------+---------+-------+---------+---------+-------
      Total |      85 |       5 |   5.6 |      43 |       4 |   8.5
            +---------+---------+-------+---------+---------+-------
        D:1 |      27 |       0 |   0.0 |      15 |       0 |   0.0
        D:2 |      55 |       5 |   8.3 |      25 |       4 |  13.8
        D:3 |       3 |       0 |   0.0 |       3 |       0 |   0.0
            +---------+---------+-------+---------+---------+-------

Illustrated notes

Table legend:
 A = Kills in this place as a percentage of kills in entire the game.
 B = Kills by you in this place as a percentage of kills by you in the entire game.
 C = Kills by friends in this place as a percentage of kills by friends in the entire game.
 D = Other kills in this place as a percentage of other kills in the entire game.
 E = Experience gained in this place as a percentage of experience gained in the entire game.
 F = Experience gained in this place divided by the number of levels of this place that you have seen.
                   A       B       C       D       E      F
               +-------+-------+-------+-------+-------+----------------------
         Total | 100.0 | 100.0 | 100.0 | 100.0 | 100.0 |  30.0
       Dungeon | 100.0 | 100.0 | 100.0 | 100.0 | 100.0 |  30.0
               +-------+-------+-------+-------+-------+----------------------

Table legend: (Time is in decaauts)
 A = Elapsed time spent in this place.
 B = Non-inter-level travel time spent in this place.
 C = Inter-level travel time spent in this place.
 D = Time resting spent in this place.
 E = Time spent auto-exploring this place.
 F = Levels seen in this place.
 G = Mean time per level.
                   A        B        C        D        E       F      G
               +--------+--------+--------+--------+--------+-----+--------+
         Total |   1954 |   1928 |     26 |    459 |   1168 |   3 |  651.3 |
       Dungeon |   1954 |   1928 |     26 |    459 |   1168 |   3 |  651.3 |
               +--------+--------+--------+--------+--------+-----+--------+

Top non-repeatable levels by time:
     D:2: 935 daAuts
     D:1: 892 daAuts
     D:3: 125 daAuts
